 Dungeon Crawl Stone Soup version 0.32-a0-377-g951292165a (webtiles) character file.

Game seed: 17428722479219160498

170 Kenran the Slasher (level 5, -1/38 HPs)
             Began as a Coglin Gladiator on Feb 19, 2024.
             Slain by Grinder (5 damage)
             ... while paralysed by Grinder
             ... on level 3 of the Dungeon.
             The game lasted 00:02:41 (1866 turns).

Kenran the Slasher (Coglin Gladiator)               Turns: 1866, Time: 00:02:42

Health: -1/38      AC:  4    Str: 14    XL:     5   Next: 50%
Magic:  5/5        EV:  2    Int:  8    God:
Gold:   108        SH:  0    Dex: 17    Spells: 4/4 levels left

rFire   . . .        a - +0 long sword {Wolf}
rCold   . . .        h - +0 dagger {Olga}
rNeg    . . .        b - +0 leather armour
rPois   .            c - +0 helmet
rElec   .            (no cloak)
rCorr   .            (no gloves)
SInv    .            (no boots)
Will    .....        p - amulet of reflection
Stlth   +            (no ring)
HPRegen 0.26/turn    (no ring)
MPRegen 0.09/turn

%: reflection
@: paralysed, invisible, revving, stiff-legged, very slow
A: off-hand wielding, slow wielding, warmup strikes, warmup strides
a: no special abilities


You were on level 3 of the Dungeon.
You visited 1 branch of the dungeon, and saw 3 of its levels.

You collected 108 gold pieces.

Inventory:

Hand Weapons
 a - a +0 long sword (weapon) {Wolf}
 h - a +0 dagger (worn) {Olga}
Armour
 b - a +0 leather armour (worn)
 c - a +0 helmet (worn)
Jewellery
 p - an amulet of reflection (around neck)
 q - a ring of positive energy
Scrolls
 i - a scroll of enchant armour {unknown}
 l - a scroll of teleportation {unknown}
Potions
 f - 2 potions of mutation {unknown}
 g - a potion of curing {unknown}
 j - a potion of lignification {unknown}
 m - a potion of might {unknown}
 n - a potion of enlightenment {unknown}
 o - a potion of resistance {unknown}


   Skills:
 - Level 2.0 Fighting
 + Level 6.0 Long Blades
 - Level 1.7 Throwing
 - Level 2.6 Dodging


You had 4 spell levels left.
You didn't know any spells.
Your spell library contained the following spells:

 Spells                   Type           Power      Damage    Failure   Level
 Slow                     Hex            0%         N/A       50%         1
 Confusing Touch          Hex            0%         N/A       86%         3
 Sigil of Binding         Hex            0%         N/A       86%         3
 Vampiric Draining        Necr           0%         2d6       86%         3


Dungeon Overview and Level Annotations

Branches:
Dungeon (3/15)

Altars:

Annotations:
D:3 Grinder


Innate Abilities, Weirdness & Mutations

You can wield a second weapon in your off-hand.
It takes a long time for you to wield or remove held weapons.
Your first few attacks do less damage.
Your first movements take longer.


Message History

You hit the adder with your +0 long sword.
You kill the adder!
You feel sick.
You are no longer poisoned.
Grinder gestures at something.
Pain shoots through your body!
Your Long Blades skill increases to level 6!
Grinder gestures at you. Pain shoots through your body!
You see here an adder corpse.
Throw: 3 throwing nets
Press: ? - help, Shift-Dir - straight line, f - Grinder
Aim: Grinder (unable to see you, 53% to hit)
You throw a throwing net.
The throwing net closely misses Grinder.
Grinder grins, showing sharp teeth.
Grinder gestures at you. You resist with significant effort.
Throw: 2 throwing nets
Press: ? - help, Shift-Dir - straight line, f/p - Grinder
Aim: Grinder (unable to see you, 53% to hit)
You throw a throwing net. The throwing net barely misses Grinder.
Grinder gestures at you. Pain shoots through your body!
Throw: throwing net
Press: ? - help, Shift-Dir - straight line, f/p - Grinder
Aim: Grinder (unable to see you, 53% to hit)
You throw a throwing net. The throwing net barely misses Grinder.
Throw: javelin
Press: ? - help, Shift-Dir - straight line, f/p - Grinder
Aim: Grinder (unable to see you, 53% to hit)
You throw a javelin. The javelin barely misses Grinder.
Grinder gestures at you.
You suddenly lose the ability to move!
Grinder hits you!
* * * LOW HITPOINT WARNING * * *
You writhe in agony.
* * * LOW HITPOINT WARNING * * *
Grinder hits you.
You die...
Grinder sighs, "Dead already?
I want a refund."

...... ...... #........
####........ ...........
..........
....#...###############.#
...>+....(..[..5@.......#
###.#........############
#........(.# #..........#
#..........# #....#######
#...†......#
......5......#
.####........#


You could see Grinder (unable to see you).

Vanquished Creatures
  6 adders
  3 gnolls (D:2)
  A dart slug (D:1)
  3 orcs (D:3)
  2 bats (D:2)
  5 endoplasms
  A giant cockroach (D:2)
  3 goblins
  5 hobgoblins
  3 quokkas
  3 ball pythons
  6 frilled lizards
  4 kobolds
  5 rats
50 creatures vanquished.

Vanquished Creatures (others)
  A kobold (D:3)
1 creature vanquished.

Grand Total: 51 creatures vanquished

Notes
Turn   | Place    | Note
-------+----------+-------------------------------------------
     0 | D:1      | Kenran the Coglin Gladiator began the quest for the Orb.
     0 | D:1      | Reached XP level 1. HP: 16/16 MP: 1/1
   101 | D:1      | Reached XP level 2. HP: 22/22 MP: 2/2
   289 | D:1      | Reached skill level 4 in Long Blades
   494 | D:1      | Reached XP level 3. HP: 27/27 MP: 3/3
  1399 | D:2      | Reached XP level 4. HP: 33/33 MP: 4/4
  1436 | D:2      | Reached skill level 5 in Long Blades
  1726 | D:3      | Reached XP level 5. HP: 38/38 MP: 5/5
  1829 | D:3      | Noticed Grinder
  1830 | D:3      | Paralysed by Grinder for 3 turns
  1861 | D:3      | Reached skill level 6 in Long Blades
  1865 | D:3      | Paralysed by Grinder for 2 turns
  1866 | D:3      | Slain by Grinder

Illustrated notes

Levels and vault maps discovered:
D:1:      nicolae_arrival_washed_ashore, layout_basic
D:2:      layout_basic
D:3:      layout_basic, gammafunk_ghost_stat_death, uniq_grinder

Skill      XL: |  1  2  3  4  5 |
---------------+----------------+-----
Long Blades    | 4 5 6 |  6.0
Fighting       | |  2.0
Throwing       | |  1.7
Dodging        | |  2.6

Action                     |  1- 3 |  4- 6 || total
---------------------------+-------+-------++-------
  Melee: Long sword        |    70 |    48 ||   118
         Dagger            |    22 |    46 ||    68
  Throw: Throwing net      |       |     3 ||     3
         Javelin           |       |     1 ||     1
    Use: Potion            |       |     2 ||     2
   Stab: Sleeping          |     2 |     1 ||     3
         Invisible         |       |     5 ||     5
 Armour: Leather armour    |    42 |    23 ||    65
  Dodge: Dodged            |    52 |    32 ||    84
  Block: Other             |       |     4 ||     4

Table legend: (Time is in decaauts)
 A = Elapsed time spent in this place.
 B = Non-inter-level travel time spent in this place.
 C = Inter-level travel time spent in this place.
 D = Time resting spent in this place.
 E = Time spent auto-exploring this place.
 F = Levels seen in this place.
 G = Mean time per level.
                   A        B        C        D        E       F      G
               +--------+--------+--------+--------+--------+-----+--------+
         Total |   1947 |   1846 |    101 |     85 |   1281 |   3 |  649.0 |
       Dungeon |   1947 |   1846 |    101 |     85 |   1281 |   3 |  649.0 |
               +--------+--------+--------+--------+--------+-----+--------+

Top non-repeatable levels by time:
     D:1: 971 daAuts
     D:2: 817 daAuts
     D:3: 159 daAuts
